 Dungeon Crawl Stone Soup version 0.25-a0-110-ge29c8f2358 (webtiles) character file.

Game seed: 13191087037761437312, levelgen mode: deterministic

693 vurker the Chopper (level 7, -1/56 HPs)
             Began as a Formicid Abyssal Knight on Nov 19, 2019.
             Was a Believer of Lugonu.
             Slain by an ogre
             ... wielding a +0 giant spiked club
              (29 damage)
             ... on level 4 of the Dungeon.
             The game lasted 00:06:49 (5913 turns).

vurker the Chopper (Formicid Abyssal Knight)        Turns: 5913, Time: 00:06:50

Health: -1/56      AC:  8    Str: 18    XL:     7   Next: 96%
Magic:  10/10      EV:  5    Int: 12    God:    Lugonu [**....]
Gold:   196        SH:  9    Dex: 10    Spells: 6/6 levels left

rFire    . . .     SeeInvis +   a - +1 hand axe
rCold    . . .     Gourm    .   j - +0 shield
rNeg     . . .     Faith    .   o - +0 chain mail
rPois    .         Spirit   .   (helmet unavailable)
rElec    .         Reflect  .   (no cloak)
rCorr    .         Harm     .   (no gloves)
MR       .....                  (no boots)
Stlth    ..........             (no amulet)
HPRegen  0.18/turn              (no ring)
MPRegen  0.12/turn              (no ring)

@: no status effects
A: permanent stasis, dig shafts and tunnels, four strong arms, antennae 3
a: Dig, Shaft Self, Depart the Abyss, Bend Space, Renounce Religion


You were on level 4 of the Dungeon.
You worshipped Lugonu.
Lugonu was pleased with you.
You were not hungry.

You visited 1 branch of the dungeon, and saw 4 of its levels.
You visited the Abyss 1 time.
You also visited: Sewer.

You collected 196 gold pieces.

Inventory:

Hand Weapons
 a - a +1 hand axe (weapon)
Armour
 j - a +0 shield (worn)
   (You found it on level 2 of the Dungeon)
 o - a +0 chain mail (worn)
   (You found it on level 2 of the Dungeon)
Jewellery
 v - an uncursed ring of protection from cold {unknown}
   (You found it on level 4 of the Dungeon)
Wands
 t - a wand of polymorph (5)
   (You found it on level 4 of the Dungeon)
Scrolls
 b - a scroll of fog {unknown}
 c - 3 scrolls of amnesia {unknown}
 d - 5 scrolls of identify {unknown}
 g - 6 scrolls of teleportation {unknown}
 k - 2 scrolls of remove curse {unknown}
 l - a scroll of immolation {unknown}
 n - 2 scrolls of blinking {unknown}
 u - a scroll of enchant armour {unknown}
Potions
 f - a potion of degeneration {unknown}
 h - a potion of invisibility {unknown}
 i - 3 potions of curing {unknown}
 m - 2 potions of might
 p - 3 potions of heal wounds {unknown}
 q - a potion of magic {unknown}
 s - 2 potions of mutation {unknown}
Comestibles
 e - 12 rations
 r - 2 chunks of flesh


   Skills:
 + Level 5.1 Fighting
 * Level 5.5 Axes
 - Level 2.1 Armour
 - Level 0.8 Dodging
 + Level 3.7 Shields
 + Level 4.8 Invocations


You had 6 spell levels left.
You didn't know any spells.
Your spell library was empty.

Dungeon Overview and Level Annotations

Branches:
Dungeon (4/15)              Sewer (visited)
 Temple: D:4-7

Altars:
Ru
Trog

Annotations:
Abyss:1 Grinder


Innate Abilities, Weirdness & Mutations

You cannot be hasted, slowed, berserked, paralysed or teleported.
You can dig through walls and to a lower floor.
Your four strong arms can wield two-handed weapons with a shield.
You have a pair of large antennae on your head. (SInv)


Message History

You kill the orc!
Lugonu accepts your kill.
No target in view!
No target in view!
No target in view!
No target in view!
No target in view!
No target in view!
No target in view!
No target in view!
No target in view!
No target in view!
You are near starving!
Things that are here:
a +0 hand axe; 4 boomerangs; an orc corpse You butcher the orc corpse.
r - 4 chunks of flesh
Things that are here:
a +0 hand axe; 4 boomerangs; an orc skeleton
Things that are here:
a +0 hand axe; 4 boomerangs; an orc skeleton Eating one of 4 chunks of flesh.
You eat one of the 4 chunks of flesh.
You are feeling hungry.
Eating one of 3 chunks of flesh.
You eat one of the 3 chunks of flesh.
e - 12 rations (gained 1)
t - a wand of polymorph (6)
Found a scroll labeled OXTIT WOHUW and a golden ring.
Found 2 metallic puce potions.
Found 18 stones.
Found a stone staircase leading up.
No target in view!
No target in view!
u - a scroll labeled OXTIT WOHUW
v - a golden ring
p - 3 metallic puce potions (gained 2)
There is a stone staircase leading up here.
An ogre comes into view. It is wielding a +0 giant spiked club.
The ogre shouts!
An ogre is nearby!
An ogre is nearby!
You slash the ogre!
The ogre hits you with a +0 giant spiked club!
You closely miss the ogre.
The ogre hits you with a +0 giant spiked club!
* * * LOW HITPOINT WARNING * * *
Aim: an ogre, wielding a +0 giant spiked club (heavily wounded, chance to defeat MR: 46%)
The ogre resists with some effort.
You slash the ogre!
The ogre hits you with a +0 giant spiked club!!
Ouch! That really hurt!
You die...

##.......#####.
.........# .....#
........## .....
........# ##....
##......# #....
##.....# #...
#.....# ##..
##....# #.O#
#....## ##.@#
#.....## ##..##
##.....###...#
#.......#..######
#................
##...............
#..............#
##...........####
###..........(.#


You could see an ogre.

Vanquished Creatures
  3 big kobolds (Sewer)
  2 worker ants (D:4)
  11 adders
  3 gnolls (D:4)
  2 river rats (Sewer)
  2 oozes (Sewer)
  5 worms
  3 dart slugs
  2 leopard geckos
  4 orcs
  3 ball pythons (Sewer)
  5 bats
  6 giant cockroaches
  6 hobgoblins
  8 jackals
  12 kobolds
  A quokka (D:3)
  6 frilled lizards
  5 goblins
  A quokka skeleton (D:4)
  13 rats
103 creatures vanquished.

Vanquished Creatures (others)
  An ogre (D:4)
1 creature vanquished.

Grand Total: 104 creatures vanquished

Notes
Turn   | Place    | Note
-------+----------+-------------------------------------------
     0 | Abyss:1  | vurker the Formicid Abyssal Knight began the quest for the
                  | Orb.
     0 | Abyss:1  | Reached XP level 1. HP: 18/18 MP: 2/2
    17 | D:1      | Escaped the Abyss
    71 | D:1      | Reached XP level 2. HP: 8/24 MP: 3/3
   870 | D:1      | Reached XP level 3. HP: 14/29 MP: 4/4
  1215 | D:1      | Reached ** piety under Lugonu
  1926 | D:2      | Reached XP level 4. HP: 35/37 MP: 6/6
  2177 | D:2      | Found a sacrificial altar of Ru.
  2674 | D:3      | Found a glowing drain.
  2678 | D:3      | Reached skill level 1 in Shields
  2721 | D:3      | Reached XP level 5. HP: 29/42 MP: 7/7
  2732 | Sewer    | Entered a sewer
  3122 | Sewer    | Noticed a big kobold
  3153 | Sewer    | Killed a big kobold
  3153 | Sewer    | Reached XP level 6. HP: 37/48 MP: 8/8
  3654 | Sewer    | Reached *** piety under Lugonu
  3654 | Sewer    | Reached XP level 7. HP: 37/55 MP: 10/10
  4739 | D:4      | Noticed Grinder
  4749 | D:4      | Banished Grinder
  4749 | D:4      | Reached skill level 5 in Axes
  4862 | D:4      | Reached skill level 5 in Fighting
  5626 | D:4      | Found a bloodstained altar of Trog.
  5913 | D:4      | Slain by an ogre

Levels and vault maps discovered:
D:1:      dpeg_arrival_arbitrary_a, layout_basic
D:2:      layout_basic, lemuel_doored_altar, first_ration
D:3:      layout_basic, cheibrodos_sewer_entry_sluice, minmay_between
D:4:      layout_layer_cave, kennysheep_little_box, trog_three_pillars_becter,
          uniq_robin, uniq_grinder

Skill      XL: |  1  2  3  4  5  6  7 |
---------------+----------------------+-----
Axes           | 3 4 5 |  5.5
Invocations    | 3 4 |  4.8
Shields        | 1 2 3 |  3.7
Fighting       | 4 5 |  5.1
Armour         | |  2.1
Dodging        | |  0.8

Action                   |  1- 3 |  4- 6 |  7- 9 || total
-------------------------+-------+-------+-------++-------
Melee: Hand axe          |   103 |   306 |   155 ||   564
Invok: Banish            |       |       |     3 ||     3
Evoke: Wand              |       |       |     1 ||     1
  Use: Potion            |       |       |     1 ||     1
 Stab: Sleeping          |     1 |       |       ||     1
  Eat: Chunk             |     3 |     6 |     9 ||    18
Armor: Leather armour    |    26 |     5 |       ||    31
       Chain mail        |       |   146 |    77 ||   223
Dodge: Dodged            |    62 |    57 |    39 ||   158
Block: Shield            |       |   109 |    66 ||   175

Table legend:
 A = Non-vault XP
 B = Vault XP
 C = Vault XP percentage of total XP
 D = Non-vault monster count
 E = Vault monster count
 F = Vault count percentage of total count
                 A         B        C        D         E       F
            +---------+---------+-------+---------+---------+-------
      Total |     414 |     577 |  58.2 |      81 |      24 |  22.9
            +---------+---------+-------+---------+---------+-------
        D:1 |      41 |       0 |   0.0 |      24 |       0 |   0.0
        D:2 |      40 |       0 |   0.0 |      14 |       0 |   0.0
        D:3 |     104 |       7 |   6.3 |      28 |       3 |   9.7
        D:4 |     229 |     169 |  42.5 |      15 |       1 |   6.2
      Sewer |       0 |     401 | 100.0 |       0 |      20 | 100.0
            +---------+---------+-------+---------+---------+-------
